 Dungeon Crawl Stone Soup version 0.19.0-11-g3fc08b3 (webtiles) character file.

3388 Malachi the Cleaver (level 9, -5/69 HPs)
             Began as a Demonspawn Gladiator on Nov 10, 2016.
             Was a Believer of Makhleb.
             Slain by an ice beast (8 damage)
             ... on level 7 of the Dungeon.
             The game lasted 00:15:27 (9247 turns).

Malachi the Cleaver (Demonspawn Gladiator)          Turns: 9247, Time: 00:15:28

Health: -5/69      AC: 23    Str: 23    XL:     9   Next: 74%
Magic:  11/11      EV:  9    Int: 11    God:    Makhleb [**....]
Gold:   239        SH:  0    Dex: 18    Spells: 0 memorised, 8 levels left

rFire  . . .     SeeInvis +     a - +1 war axe
rCold  . . .     Gourm    .     E - +0 plate armour
rNeg   . . .     Faith    .     (no shield)
rPois  .         Spirit   .     r - +0 helmet
rElec  .         Reflect  .     i - +2 cloak
rCorr  .         Harm     .     h - +1 pair of gloves
MR     .....     Rnd*Tele +     C - +0 pair of boots
Stlth  ..........               (no amulet)
                                k - ring of see invisible
                                p - +5 ring of dexterity

@: mighty, very slightly contaminated, invisible
A: talons 2, thin metallic scales 1, demonic guardian 1, shaggy fur 1,
teleportitis 1
a: Minor Destruction, Renounce Religion


You were on level 7 of the Dungeon.
You worshipped Makhleb.
Makhleb was pleased with you.
You were hungry.

You visited 2 branches of the dungeon, and saw 9 of its levels.

You collected 325 gold pieces.
You spent 86 gold pieces at shops.

Inventory:

Hand Weapons
 a - a +1 war axe (weapon)
 y - a +0 whip of electrocution
Missiles
 d - 3 throwing nets (quivered)
Armour
 b - a +0 leather armour
 c - a +0 helmet
 h - a +1 pair of gloves (worn)
 i - a +2 cloak (worn)
 r - a +0 helmet (worn)
 t - a +0 chain mail
 C - a +0 pair of boots (worn)
 E - a +0 plate armour (worn)
Magical Staves
 n - an uncursed staff of energy
Jewellery
 k - a ring of see invisible (right hand)
 o - an uncursed ring of stealth
 p - a +5 ring of dexterity (left hand)
 v - an uncursed ring of loudness
 A - an uncursed amulet of guardian spirit
 B - an uncursed amulet of guardian spirit
Wands
 e - a wand of slowing (13/48)
 x - a wand of slowing (8/48)
Scrolls
 j - 3 scrolls of enchant weapon
 l - 2 scrolls of remove curse
 m - a scroll of magic mapping
 q - 8 scrolls of identify
 s - 2 scrolls of immolation
 J - a scroll of fog
Potions
 u - 2 potions of brilliance
 w - a potion of agility
Comestibles
 f - 6 bread rations
 D - 2 beef jerkies
 F - a royal jelly
 G - a fruit


   Skills:
 + Level 6.0 Fighting
 * Level 10.0 Axes
 + Level 1.8 Throwing
 + Level 4.8 Armour
 + Level 3.9 Dodging
 + Level 1.3 Stealth
 * Level 3.1 Invocations


You had 8 spell levels left.
You didn't know any spells.

Dungeon Overview and Level Annotations

Branches:
Dungeon (8/15)             Temple (1/1) D:4
   Lair: D:8-11

Altars:
Ashenzari
Cheibriados
Dithmenos
Elyvilon
Fedhas
Gozag
Hepliaklqana
Kikubaaqudgha
Makhleb
Nemelex Xobeh
Okawaru
Qazlal
Sif Muna
Trog
Uskayaw
Vehumet
Xom
Yredelemnul
Zin
The Shining One

Shops:
D:4 *


Innate Abilities, Weirdness & Mutations

You have razor-sharp toenails.
You are partially covered in thin metallic scales. (AC +2)
A weak demonic guardian rushes to your aid.
You are covered in fur. (AC +1)
You are occasionally teleported next to monsters.


Message History

Your quasit claws the iguana but does no damage. x2
The ice beast hits you but does no damage.
You hit the iguana.
The iguana is heavily wounded.
Your plate armour prevents you from hitting the ice beast.
Your quasit bites the iguana but does no damage.
Your quasit claws the iguana but does no damage.
Your quasit closely misses the iguana.
The iguana bites your quasit. The ice beast hits you.
* * * LOW HITPOINT WARNING * * *
The ice beast freezes you!
* * * LOW HITPOINT WARNING * * *
You feel very mighty all of a sudden.
Your quasit bites the iguana but does no damage.
Your quasit claws the iguana but does no damage.
Your quasit claws the iguana.
The iguana barely misses your quasit. The ice beast hits you.
* * * LOW HITPOINT WARNING * * *
The ice beast freezes you!
You die...

.# ##############.........## ##.
.# #####.####.###.# .# #.#
#..#.## .# #.# #.#.## .####
#.####.#.# ....# #......#.# .##.#
#####..#.# ###.#
###############.>#.#
###.########...Y@l5...........#
.............#############..###
##########.### #..# ##.##.#
###..##### #.....# #........#
##.#### #######.#..###.#
#######.# #............#..
......#.## #.#.....###.....
#####....#########.#.)8..._...8..


You could see an ice beast, an iguana and a friendly quasit.

Vanquished Creatures
  The ghost of Mandevil the Basher, a novice OgBe of Trog (D:7)
  Pikel (D:6)
  Eustachio (D:5)
  Duvessa (D:6)
  An orc warrior (D:6)
  An ice beast (D:6)
  2 phantoms
  4 ogres
  2 centaurs
  A big kobold (D:7)
  4 bullfrogs
  Blork the orc (D:6)
  2 scorpions
  Dowan (D:6)
  A howler monkey (D:5)
  3 crimson imps
  2 orc priests
  A hound (D:8)
  4 orc wizards
  2 centaur skeletons
  4 iguanas
  A worker ant (D:4)
  A hound zombie (D:6)
  2 hound skeletons (D:7)
  Robin (D:2)
  A howler monkey skeleton (D:3)
  3 gnolls (D:5)
  6 adders
  A shadow imp (D:5)
  2 worms
  3 dart slugs
  9 leopard geckos
  19 orcs
  4 ball pythons
  3 giant cockroaches
  13 goblins
  8 hobgoblins
  10 jackals
  2 quokkas
  8 bats
  9 frilled lizards
  A giant cockroach zombie (D:5)
  14 kobolds
  A quokka skeleton (D:5)
  8 rats
170 creatures vanquished.

Vanquished Creatures (collateral kills)
  An ogre (D:5)
  An orc wizard (D:4)
  A hound (D:4)
3 creatures vanquished.

Vanquished Creatures (others)
  A sky beast (D:6)
  A bullfrog zombie (D:6)
  2 worker ants (D:6)
  An adder (D:6)
  An orc (D:7)
  2 bushes (D:5)
8 creatures vanquished.

Grand Total: 181 creatures vanquished

Notes
Turn   | Place    | Note
-------+----------+-------------------------------------------
     0 | D:1      | Malachi the Demonspawn Gladiator began the quest for the Orb.
     0 | D:1      | Reached XP level 1. HP: 16/16 MP: 1/1
   163 | D:1      | Reached skill level 3 in Axes
   726 | D:1      | Gained mutation: You have sharp toenails. [demonic ancestry]
   726 | D:1      | Reached XP level 2. HP: 21/22 MP: 2/2
  1516 | D:1      | Gained mutation: You are partially covered in thin metallic scales. (AC +2) [demonic ancestry]
  1516 | D:1      | Reached XP level 3. HP: 27/27 MP: 3/3
  1717 | D:2      | Noticed Robin
  1725 | D:2      | Gained mutation: Your mind is acute. (Int +2) [potion of mutation]
  1725 | D:2      | Gained mutation: Your spells are a little easier to cast, but a little less powerful. [potion of mutation]
  1725 | D:2      | Gained mutation: You are frail. (-10% HP) [potion of mutation]
  1726 | D:2      | Lost mutation: Your spells are a little easier to cast, but a little less powerful. [potion of mutation]
  1726 | D:2      | Gained mutation: You evolve. [potion of mutation]
  1737 | D:2      | Killed Robin
  1749 | D:2      | Gained mutation: You are covered in fur. (AC +1) [potion of mutation]
  1749 | D:2      | Gained mutation: You are agile. (Dex +2) [potion of mutation]
  1773 | D:2      | Reached skill level 1 in Armour
  1818 | D:2      | You fall through a shaft for 2 floors!
  2092 | D:2      | Reached XP level 4. HP: 28/30 MP: 4/4
  2335 | D:2      | Found a sparkling altar of Nemelex Xobeh.
  2343 | D:2      | Found a deep blue altar of Sif Muna.
  2347 | D:2      | Found an opulent altar of Gozag.
  2450 | D:2      | Found a faded altar of an unknown god.
  2450 | D:2      | Found a faded altar of an unknown god.
  2457 | D:2      | Found a hazy altar of Hepliaklqana.
  2459 | D:2      | Found a faded altar of an unknown god.
  2461 | D:2      | Found a faded altar of an unknown god.
  2578 | D:2      | Gained mutation: Your system is resistant to poisons. (rPois) [evolution]
  2813 | D:3      | Found an ancient bone altar of Kikubaaqudgha.
  2819 | D:3      | Noticed a phantom
  2844 | D:3      | Killed a phantom
  2844 | D:3      | Reached skill level 4 in Axes
  2844 | D:3      | Reached skill level 1 in Stealth
  2844 | D:3      | Gained mutation: A weak demonic guardian rushes to your aid. [demonic ancestry]
  2844 | D:3      | Reached XP level 5. HP: 6/36 MP: 5/5
  3205 | D:3      | Noticed an angel
  3206 | D:3      | Found a glowing silver altar of Zin.
  3714 | D:4      | Found a staircase to the Ecumenical Temple.
  3771 | Temple   | Entered the Ecumenical Temple
  3909 | D:4      | Found a shattered altar of Ashenzari.
  4024 | D:4      | Reached skill level 5 in Axes
  4024 | D:4      | Reached XP level 6. HP: 41/41 MP: 6/6
  4070 | Temple   | Became a worshipper of Makhleb the Destroyer
  4099 | D:4      | Found Paegiuph's Assorted Antiques.
  4102 | D:4      | Bought 2 fuming pink potions for 55 gold pieces
  4102 | D:4      | Bought a scroll labeled REUCILECZAPP for 31 gold pieces
  4470 | D:5      | Entered Level 5 of the Dungeon
  4807 | D:5      | Noticed Eustachio
  4828 | D:5      | Killed Eustachio
  4828 | D:5      | Gained mutation: You have razor-sharp toenails. [demonic ancestry]
  4828 | D:5      | Reached XP level 7. HP: 39/46 MP: 7/7
  5197 | D:5      | Reached skill level 6 in Axes
  5496 | D:5      | Reached * piety under Makhleb
  5541 | D:5      | Found a blossoming altar of Fedhas.
  5965 | D:6      | Gained mutation: You are occasionally teleported next to monsters. [evolution]
  5965 | D:6      | Lost mutation: You evolve. [end of evolution]
  5973 | D:6      | Reached XP level 8. HP: 37/54 MP: 8/8
  6274 | D:6      | Noticed Blork the orc
  6284 | D:6      | Killed Blork the orc
  6304 | D:6      | Reached skill level 7 in Axes
  6760 | D:6      | Noticed Dowan
  6761 | D:6      | Noticed Duvessa
  6775 | D:6      | Killed Dowan
  6786 | D:6      | Killed Duvessa
  6990 | D:6      | Noticed Pikel
  6996 | D:6      | Killed Pikel
  6996 | D:6      | Reached skill level 5 in Fighting
  6996 | D:6      | Reached skill level 8 in Axes
  7256 | D:6      | Reached XP level 9. HP: 49/61 MP: 9/9
  7834 | D:7      | Found a hide-covered altar of Uskayaw.
  7949 | D:7      | Lost mutation: Your mind is acute. (Int +2) [potion of cure mutation]
  7949 | D:7      | Lost mutation: You are agile. (Dex +2) [potion of cure mutation]
  7949 | D:7      | Lost mutation: Your system is resistant to poisons. (rPois) [potion of cure mutation]
  7949 | D:7      | Lost mutation: You are frail. (-10% HP) [potion of cure mutation]
  7953 | D:7      | Reached skill level 1 in Invocations
  8255 | D:7      | Reached skill level 9 in Axes
  8284 | D:7      | Reached ** piety under Makhleb
  8470 | D:7      | Found a shimmering altar of Xom.
  8472 | D:7      | Noticed Mandevil's ghost (novice OgBe)
  8509 | D:7      | Killed Mandevil's ghost
  9213 | D:8      | Reached skill level 10 in Axes
  9247 | D:7      | HP: 3/69 [ice beast (3)]
  9247 | D:7      | Slain by an ice beast

Skill      XL: |  1  2  3  4  5  6  7  8  9 |
---------------+----------------------------+-----
Axes           | 3 4 5 6 8 10 | 10.0
Dodging        | 3 |  3.9
Armour         | 1 2 3 4 |  4.8
Stealth        | 1 |  1.3
Fighting       | 3 5 6 |  6.0
Invocations    | 3 |  3.1
Throwing       | |  1.8

Action                   |  1- 3 |  4- 6 |  7- 9 || total
-------------------------+-------+-------+-------++-------
Melee: War axe           |   106 |   154 |   328 ||   588
       Kick              |    18 |    60 |    10 ||    88
       Whip              |       |       |    18 ||    18
Evoke: Wand              |       |     1 |       ||     1
  Use: Potion            |     4 |     4 |     8 ||    16
       Scroll            |       |     9 |     7 ||    16
 Stab: Sleeping          |     1 |       |       ||     1
       Distracted        |       |     1 |       ||     1
  Eat: Chunk             |     4 |     2 |     5 ||    11
       Meat ration       |       |     1 |     1 ||     2
       Beef jerky        |       |     1 |       ||     1
       Royal jelly       |       |       |     1 ||     1
       Fruit             |       |       |     2 ||     2
Armor: Leather armour    |    34 |       |       ||    34
       Chain mail        |    10 |    96 |   120 ||   226
       Plate armour      |       |       |   135 ||   135
Dodge: Dodged            |    85 |    63 |   132 ||   280
